 Dungeon Crawl Stone Soup version 0.30-a0-782-ge64f9170bb (webtiles) character file.

Game seed: 2864349426572381494

49 112233 the Magician (level 3, -5/21 HPs)
             Began as an Octopode Air Elementalist on Feb 25, 2023.
             Slain by a gnoll
             ... wielding a +0 whip
              (8 damage)
             ... on level 2 of the Dungeon.
             The game lasted 00:01:24 (2196 turns).

112233 the Magician (Octopode Air Elementalist)     Turns: 2196, Time: 00:01:25

Health: -5/21      AC:  1    Str:  7    XL:     3   Next: 77%
Magic:  1/8        EV: 13    Int: 19    God:
Gold:   112        SH:  0    Dex: 12    Spells: 8/9 levels left

rFire   . . .      SeeInvis .    o - +0 dagger
rCold   . . .      Faith    .    (no shield)
rNeg    . . .      Spirit   .    (helmet restricted)
rPois   .          Reflect  .    (no amulet)
rElec   .          Harm     .    (no ring)
rCorr   .          Rampage  .    (no ring)
Will    .....                    (no ring)
Stlth   +++                      (no ring)
HPRegen 0.23/turn                (no ring)
MPRegen 0.11/turn                (no ring)
                                 (no ring)
                                 (no ring)

@: brilliant, lethally poisoned (-5 -> -13), attractive, flying
A: almost no armour, amphibious, 8 rings, camouflage 1, gelatinous body 1,
(nimble swimmer 1), tentacles
a: no special abilities


You were on level 2 of the Dungeon.
You visited 1 branch of the dungeon, and saw 2 of its levels.

You collected 112 gold pieces.

Inventory:

Hand Weapons
 o - a +0 dagger (weapon)
Scrolls
 c - a scroll of amnesia {unknown}
 f - a scroll of noise {unknown}
 g - a scroll of blinking {unknown}
 h - a scroll of enchant weapon {unknown}
 k - 2 scrolls of magic mapping {unknown}
 l - 4 scrolls of teleportation {unknown}
 m - a scroll of immolation {unknown}
Potions
 a - a potion of magic
 j - a potion of curing {unknown}
 n - a potion of berserk rage {unknown}


   Skills:
 - Level 2.0 Dodging
 - Level 2.6 Stealth
 + Level 3.7 Spellcasting
 - Level 1.0 Conjurations
 - Level 3.0 Air Magic


You had 8 spell levels left.
You knew the following spells:

 Your Spells              Type           Power      Damage    Failure   Level
a - Shock                 Conj/Air       64%        1d7       6%          1

Your spell library contained the following spells:

 Spells                   Type           Power      Damage    Failure   Level
 Magic Dart               Conj           44%        1d5       10%         1
 Static Discharge         Conj/Air       32%        2-4/arc   10%         2
 Swiftness                Air            22%        N/A       12%         3
 Call Imp                 Summ           5%         N/A       22%         2
 Mephitic Cloud           Conj/Pois/Air  12%        N/A       24%         3
 Airstrike                Air            11%        2d(2-18)  38%         4


Dungeon Overview and Level Annotations

Branches:
Dungeon (2/15)

Altars:

Annotations:
D:1 exclusion: downstairs


Innate Abilities, Weirdness & Mutations

You cannot wear most types of armour.
You are amphibious.
You can wear up to eight rings at the same time.
Your skin changes colour to match your surroundings (Stealth+).
Your rubbery body absorbs attacks. (AC +1, EV +1)
((You are camouflaged when in or above water. (Stealth+)))
You have tentacles for arms and can constrict up to eight enemies at once.


Message History

You completely miss the adder. Your grab misses the adder.
The adder is heavily wounded.
You feel sick. The adder misses you. The adder bites you.
You completely miss the adder.
The gnoll shouts!
Your grab misses the adder.
The adder is heavily wounded.
You feel sick. The adder bites you.
You hit the adder. Your grab misses the adder.
The adder is heavily wounded.
You feel sick. The adder closely misses you.
Unknown command.
It was a potion of attraction.
You feel attractive to monsters.
You feel sick. The adder bites you.
* * * LOW HITPOINT WARNING * * *
The adder misses you. The gnoll is attracted toward you.
Unknown command.
It was a potion of heal wounds.
You feel much better.
You feel sick.
You are no longer poisoned.
The adder bites you. The gnoll closely misses you.
Unknown command.
You hit the adder. Your grab misses the adder.
The adder is severely wounded.
The adder bites you.
You are poisoned.
The adder poisons you! The gnoll barely misses you.
Unknown command.
It was a potion of brilliance.
You feel clever all of a sudden.
You feel sick. The adder bites you but does no damage.
The gnoll hits you with a +0 whip. The adder completely misses you.
Unknown command.
It was a potion of flight.
You feel very buoyant.
You fly up into the air.
You feel sick. The adder bites you.
* * * LOW HITPOINT WARNING * * *
You are more poisoned.
The adder poisons you! The gnoll hits you with a +0 whip!
You die...

..#.# ##.##
..#.####...#######
#.#......#.......#
...........#####.#
..#####.#.## #[#
..........# #.#
..#...#.### #.#
........# #g#
........# #@#
.#......# #S#
.##...#.# #.#
.##...#†########.##
...........†......#
###.).#..#######..#
.....###.# #..
###### #.# .... #.#


You could see a gnoll and an adder.

Vanquished Creatures
  An adder (D:2)
  A gnoll (D:2)
  2 dart slugs (D:1)
  3 endoplasms
  2 giant cockroaches
  A goblin (D:1)
  2 hobgoblins (D:2)
  3 jackals
  2 quokkas
  2 ball pythons (D:1)
  2 bats (D:2)
  3 kobolds (D:2)
  A rat (D:1)
25 creatures vanquished.

Notes
Turn   | Place    | Note
-------+----------+-------------------------------------------
     0 | D:1      | 112233 the Octopode Air Elementalist began the quest for
                  | the Orb.
     0 | D:1      | Reached XP level 1. HP: 11/11 MP: 3/3
   325 | D:1      | Reached XP level 2. HP: 5/17 MP: 3/5
  1267 | D:2      | Reached XP level 3. HP: 6/21 MP: 1/7
  2196 | D:2      | Slain by a gnoll

Illustrated notes

Levels and vault maps discovered:
D:1:      grunt_arrival_lava_bath, layout_loops_corners, bh_walls_and_bars
D:2:      layout_loops_ring

Skill      XL: |  1  2 |
---------------+-------+-----
Spellcasting   | 3 |  3.7
Dodging        | |  2.0
Stealth        | |  2.6
Conjurations   | |  1.0
Air Magic      | |  3.0

Action                     || total
---------------------------++-------
  Melee: Unarmed           ||    41
         Constrict         ||     7
         Tentacles         ||     8
         Dagger            ||     4
   Cast: Shock             ||    60
    Use: Potion            ||     4
   Stab: Sleeping          ||     1
 Armour: Skin              ||     3
  Dodge: Dodged            ||    42

Table legend: (Time is in decaauts)
 A = Elapsed time spent in this place.
 B = Non-inter-level travel time spent in this place.
 C = Inter-level travel time spent in this place.
 D = Time resting spent in this place.
 E = Time spent auto-exploring this place.
 F = Levels seen in this place.
 G = Mean time per level.
                   A        B        C        D        E       F      G
               +--------+--------+--------+--------+--------+-----+--------+
         Total |   2196 |   2130 |     66 |    445 |   1474 |   2 | 1098.0 |
       Dungeon |   2196 |   2130 |     66 |    445 |   1474 |   2 | 1098.0 |
               +--------+--------+--------+--------+--------+-----+--------+

Top non-repeatable levels by time:
     D:1: 1383 daAuts
     D:2: 812 daAuts
